Map: Blackpink LE

Players

Subwayeatn

  • Race: Zerg Zerg
  • League: Platinum
  • Spawn Location: 1:00

finny - Winner!

  • Race: Terran Terran
  • League: Diamond
  • Spawn Location: 7:00

VOD

Have the link to the VOD?

Description

Time

  • Played on: April 25, 2018, 4:51 p.m.
  • Length: 12:04
Show
View Real Time Build Order
Export as new Build Order

Subwayeatn Zerg 

Build Orders: Pool First 

Get SALT Encoding   

  12  0:00  Drone  
  13  0:12  Overlord  
  13  0:19  Drone  
  14  0:34  Extractor, Drone  
  14  0:39  Spawning Pool  
  13  0:44  Drone  
  13  0:49  Drone  
  15  0:51  Drone  
  16  0:58  Drone  
  17  1:23  Hatchery  
  16  1:33  Metabolic Boost  
  16  1:42  Overlord  
  16  1:50  Queen  
  18  2:00  Drone x2  
  20  2:02  Drone  
  21  2:13  Zergling x2  
  22  2:24  Zergling x2  
  23  2:31  Queen  
  25  2:39  Lair  
  25  2:43  Drone x2  
  27  2:47  Drone x2  
  29  3:06  Drone x5  
  34  3:25  Drone x2  
  36  3:29  Overlord  
  36  3:31  Overlord  
  36  3:32  Overlord  
  36  3:41  Overlord  
  36  3:55  Drone x3  
  38  3:56  Baneling Nest, Drone  
  38  4:00  Extractor  
  38  4:06  Evolution Chamber  
  38  4:08  Extractor, Evolution Chamber  
  35  4:10  Overlord x2  
  35  4:19  Overlord  
  35  4:21  Zergling x2  
  35  4:23  Drone x2  
  35  4:24  Drone  
  39  4:27  Drone  
  40  4:32  Pneumatized Carapace  
  40  4:33  Zerg Melee Weapons Level 1  
  40  4:35  Zerg Ground Armor Level 1  
  40  4:41  Drone x4  
  44  4:49  Extractor  
  43  4:53  Drone x5  
  43  4:59  Centrifugal Hooks  
  48  5:15  Drone  
  48  5:16  Drone x3  
  48  5:17  Drone  
  48  5:18  Drone  
  54  5:26  Spire  
  53  5:37  Queen  
  53  5:41  Hatchery  
  54  5:49  Drone x7  
  61  5:58  Zergling x4  
  61  5:59  Zergling x4  
  65  6:06  Overlord  
  65  6:21  Baneling  
  65  6:22  Baneling x6  
  65  6:24  Baneling  
  65  6:25  Baneling x4  
  65  6:37  Mutalisk x5  
  75  6:40  Overseer  
  75  6:43  Overseer  
  75  6:48  Extractor x2  
  73  7:01  Drone  
  73  7:02  Spine Crawler, Drone x2  
  73  7:03  Queen, Drone x3  
  73  7:07  Zerg Melee Weapons Level 2  
  80  7:11  Zerg Flyer Weapons Level 1  
  80  7:18  Drone x4  
  84  7:27  Zerg Ground Armor Level 2  
  84  7:30  Drone x2  
  84  7:32  Drone x3  
  84  7:37  Zergling x4  
  90  7:39  Overlord  
  90  7:42  Zergling x2  
  90  7:43  Overlord  
  92  7:50  Zergling x2  
  92  7:51  Zergling x6  
  96  7:54  Zergling x2  
  97  7:59  Zergling x4  
  97  8:00  Zergling x4  
  97  8:03  Drone  
  102  8:07  Mutalisk x2  
  106  8:15  Overlord x2  
  106  8:21  Mutalisk x3  
  112  8:40  Infestation Pit, Drone  
  112  8:41  Mutalisk x5  
  112  8:45  Hatchery, Extractor  
  112  8:47  Zergling x2, Extractor  
  112  8:48  Zergling x8  
  124  8:56  Mutalisk x3  
  124  9:01  Zergling x2  
  124  9:02  Zergling x8  
  135  9:29  Infestor  
  137  9:33  Hive  
  137  9:35  Zerg Flyer Armor Level 1  
  137  9:38  Baneling x10  
  137  9:42  Zergling x2  
  137  9:44  Overlord  
  137  9:45  Overlord x3  
  138  9:56  Roach Warren  
  138  9:58  Zerg Missile Weapons Level 1  
  137  10:03  Zergling x10  
  137  10:04  Zergling x6  
  145  10:08  Queen  
  147  10:33  Infestor x3  
  152  10:38  Roach x7  
  152  10:39  Roach x5  
  169  10:53  Roach  
  169  10:54  Roach x2  
  175  11:13  Overlord x7  
  175  11:30  Drone  
  175  11:32  Zergling x10  
  181  11:33  Zergling x2  
Show
View Real Time Build Order
Export as new Build Order

finny Terran - Winner!

Build Orders: 2 Factory, Mech 

Get SALT Encoding   

  12  0:01  SCV  
  13  0:13  SCV  
  14  0:18  Supply Depot  
  14  0:25  SCV  
  15  0:39  SCV  
  16  0:43  Barracks  
  16  0:48  Refinery  
  16  0:51  SCV  
  17  1:03  SCV  
  18  1:15  SCV  
  19  1:28  SCV  
  19  1:30  Refinery  
  20  1:37  Command Center  
  20  1:45  Marine  
  21  1:49  Orbital Command  
  21  2:09  Reaper  
  22  2:16  SCV  
  22  2:17  Supply Depot  
  23  2:25  Factory  
  23  2:39  SCV  
  24  2:50  Orbital Command  
  24  2:55  Factory  
  24  2:56  Marine  
  25  3:00  Barracks  
  25  3:10  SCV  
  25  3:11  Factory Tech Lab  
  26  3:18  Marine  
  26  3:30  SCV x2  
  26  3:31  Siege Tank  
  31  3:36  Marine  
  31  3:38  Factory Tech Lab  
  32  3:44  SCV x2  
  34  3:51  Barracks Tech Lab  
  34  3:54  Marine  
  35  3:57  SCV  
  35  3:58  SCV  
  37  4:04  Siege Tank  
  37  4:07  Orbital Command, Supply Depot  
  40  4:17  Siege Tank  
  42  4:24  SCV  
  42  4:28  Marine x2  
  45  4:34  Starport, SCV  
  45  4:36  SCV  
  47  4:42  Engineering Bay  
  47  4:44  Siege Tank  
  51  4:52  SCV  
  51  4:53  SCV  
  52  5:05  SCV x2  
  52  5:06  Refinery  
  52  5:07  Refinery  
  54  5:21  Missile Turret  
  54  5:22  Supply Depot  
  54  5:24  Stimpack, Starport Reactor  
  54  5:34  Missile Turret  
  54  5:39  Siege Tank, SCV x2  
  59  5:48  Supply Depot  
  59  5:51  Marine x2, SCV x2  
  59  5:52  Armory  
  63  6:03  SCV x2  
  65  6:04  Medivac  
  65  6:05  Medivac  
  69  6:14  Supply Depot  
  69  6:15  SCV  
  69  6:16  Siege Tank  
  69  6:18  Supply Depot  
  73  6:21  Marine x2  
  73  6:25  SCV  
  76  6:27  SCV  
  77  6:37  Infernal Pre-Igniter  
  77  6:42  Factory  
  77  6:45  Supply Depot  
  77  6:46  Marine x2  
  79  6:55  Supply Depot  
  79  6:58  Barracks  
  79  7:00  Thor  
  85  7:03  SCV x2  
  85  7:04  Marine x2  
  89  7:08  Terran Vehicle Weapons Level 1  
  89  7:11  Supply Depot  
  89  7:22  Marine, Siege Tank  
  94  7:24  Command Center  
  93  7:30  Factory Reactor  
  93  7:34  Barracks Reactor  
  93  7:36  SCV, Supply Depot  
  93  7:37  SCV  
  95  7:39  Marine  
  95  7:40  Combat Shield  
  96  7:45  Siege Tank  
  96  7:48  Barracks Reactor  
  99  7:57  Marine, Supply Depot x2  
  100  8:07  Thor  
  100  8:12  Marine x2  
  108  8:15  Marine  
  108  8:17  Supply Depot  
  109  8:23  Medivac  
  109  8:25  Medivac  
  113  8:27  Marine x2  
  113  8:29  Marine  
  113  8:30  Marine  
  113  8:33  Marine  
  118  8:36  Supply Depot  
  118  8:45  Marine  
  118  8:48  Marine x3  
  121  8:51  Marine  
  123  9:03  Marine  
  124  9:25  SCV x3  
  124  9:27  Marine x5, Supply Depot  
  124  9:28  Thor  
  124  9:29  Siege Tank  
  124  9:31  Factory Tech Lab  
  141  9:33  Terran Vehicle Weapons Level 2  
  141  9:36  Terran Infantry Weapons Level 1  
  141  9:38  Supply Depot  
  141  9:43  Missile Turret  
  141  9:49  Refinery, SCV x3  
  144  9:56  Marine x4  
  144  9:57  Refinery, Marine  
  149  10:14  Marine x3  
  149  10:20  Siege Tank x3  
  149  10:21  Marine x2  
  161  10:25  Supply Depot  
  163  10:32  Marine x3  
  163  10:54  Planetary Fortress  
  163  10:55  Marine x4  
  163  10:56  Marine  
  168  11:07  Siege Tank  
  168  11:08  Siege Tank  
  174  11:11  Medivac  
  174  11:12  Medivac  
  174  11:13  Marine x3  
  174  11:15  Supply Depot  
  181  11:23  Siege Tank  
  184  11:28  Supply Depot  
Tags
 
Composition
Mech
Matchup
TvZ
Replay Pack
Multiplayer
Spawn Locations
Cross Positions
Add a new tag
Caveats
  • Supply blocks, unpowered buildings, or Contaminate may cause inaccurate times.
  • Supply counts are checked every 10 seconds.